 Dungeon Crawl Stone Soup version 0.30-a0-603-g51a0fb1b98 (webtiles) character file.

Game seed: 1491970666839927410

343 jt the Trooper (level 6, -1/49 HPs)
             Began as a Barachi Wanderer on Jan 8, 2023.
             Was a Priest of Wu Jian.
             Slain by a hornet (14 damage)
             ... on level 7 of the Dungeon.
             The game lasted 00:14:11 (3275 turns).

jt the Trooper (Barachi Wanderer)                   Turns: 3275, Time: 00:14:12

Health: -1/49      AC:  6    Str: 12    XL:     6   Next: 57%
Magic:  4/9        EV: 12    Int: 15    God:    Wu Jian [***...]
Gold:   215        SH:  0    Dex: 12    Spells: 4/9 levels left

rFire   + . .      SeeInvis .    C - +2 short sword (freeze)
rCold   . . .      Faith    .    (no shield)
rNeg    . . .      Spirit   .    c - +1 robe
rPois   .          Reflect  .    (no helmet)
rElec   .          Harm     .    (no cloak)
rCorr   .          Rampage  .    v - +2 pair of gloves
Will    .....                    (no boots)
Stlth   +                        (no amulet)
HPRegen 0.28/turn                s - ring of protection from fire
MPRegen 0.11/turn                (no ring)

@: about to teleport, slowed, very slow
A: amphibious, slowness 1, strong legs 1, +LOS
a: Hop, Renounce Religion, Wall Jump, Serpent's Lash


You were on level 7 of the Dungeon.
You worshipped Wu Jian.
Wu Jian was most pleased with you.
You visited 2 branches of the dungeon, and saw 6 of its levels.

You collected 215 gold pieces.

Inventory:

Hand Weapons
 a - a +0 flail of protection
 d - a +0 whip of electrocution
 m - a +0 hand axe
 q - a +0 flail
 r - a +0 war axe
 t - a +0 whip
 y - a +0 sling
 z - a +3 dagger
 B - a +2 dire flail of protection
 C - a +2 short sword of freezing (weapon)
 E - a +0 shortbow
Missiles
 e - 25 stones
 u - 8 boomerangs
Armour
 c - a +1 robe (worn)
 g - a +0 ring mail
 v - a +2 pair of gloves (worn)
Magical Staves
 p - a staff of death
Jewellery
 s - a ring of protection from fire (left hand)
Scrolls
 b - 2 scrolls of silence
 x - a scroll of teleportation
Potions
 i - 2 potions of haste {unknown}
 j - 2 potions of might
 A - a potion of attraction {unknown}
 D - a potion of brilliance {unknown}


   Skills:
 + Level 4.7 Fighting
 + Level 2.9 Maces & Flails
 - Level 1.2 Armour
 + Level 2.8 Dodging
 - Level 2.0 Spellcasting
 - Level 2.0 Hexes
 + Level 3.4 Translocations
 + Level 3.7 Ice Magic


You had 4 spell levels left.
You knew the following spells:

 Your Spells              Type           Power      Damage    Failure   Level
a - Freeze                Ice            48%        1d6       4%          1
b - Blink                 Tloc           22%        N/A       9%          2
c - Ensorcelled Hibernat  Hex/Ice        20%        N/A       11%         2

Your spell library contained the following spells:

 Spells                   Type           Power      Damage    Failure   Level
 Apportation              Tloc           22%        N/A       5%          1
 Ozocubu's Armour         Ice            12%        N/A       14%         3
 Teleport Other           Tloc           11%        N/A       16%         3
 Kindle Blastsparks       Fire/Tloc/Air  8%         2d10      38%         3
 Spider Form              Tmut/Pois      1%         N/A       54%         3
 Iskenderun's Mystic Bla  Conj/Tloc      6%         2d4       73%         4
 Anguish                  Hex/Necr       2%         N/A       82%         4
 Fulminant Prism          Conj/Hex       2%         3d5       82%         4
 Lee's Rapid Deconstruct  Erth           0%         3d4*      99%         5


Dungeon Overview and Level Annotations

Branches:
Dungeon (4/15)             Temple (1/1) D:4

Altars:
Cheibriados
Dithmenos
Fedhas
Gozag
Kikubaaqudgha
Qazlal
Ru
Sif Muna
Uskayaw
Wu Jian
The Shining One
Lugonu

Annotations:
D:3 Ijyb


Innate Abilities, Weirdness & Mutations

You are amphibious.
You cover ground slowly.
You can hop short distances.
You have an extended range of vision and can be seen from far away.


Message History

Aiming: Ensorcelled Hibernation (safe; 11% risk of failure)
Press: ? - help, Shift-Dir - straight line, f - hornet
Aim: a hornet (chance to affect: 35%)
The hornet easily resists.
You feel very sick. The hornet misses you. The hornet barely misses you.
Casting: Ensorcelled Hibernation (safe; 11% risk of failure)
Confirm with . or Enter, or press ? or * to list all spells.
Aiming: Ensorcelled Hibernation (safe; 11% risk of failure)
Press: ? - help, Shift-Dir - straight line, f/p - hornet
Aim: a hornet (chance to affect: 35%)
The hornet easily resists.
You feel sick. The hornet barely misses you. The hornet stings you.
You suddenly lose the ability to move!
You can move again.
Casting: Ensorcelled Hibernation (safe; 11% risk of failure)
Confirm with . or Enter, or press ? or * to list all spells.
Aiming: Ensorcelled Hibernation (safe; 11% risk of failure)
Press: ? - help, Shift-Dir - straight line, f/p - hornet
Aim: a hornet (chance to affect: 35%)
The hornet looks drowsy...
You feel sick.
Your +2 dire flail of protection goes still.
Your +2 short sword of freezing glows with a cold blue light!
C - a +2 short sword of freezing (weapon)
You feel sick.
You are too injured to fight recklessly!
The helpless hornet fails to defend itself.
You hit the hornet. You freeze the hornet.
The hornet is lightly wounded.
You feel sick.
You are no longer poisoned.
The hornet stings you.
* * * LOW HITPOINT WARNING * * *
You feel as though you will be slow longer.
The hornet closely misses you.
You feel better. The hornet barely misses you. The hornet stings you!
* * * LOW HITPOINT WARNING * * *
You feel as though you will be slow longer.
As you read the scroll of teleportation, it crumbles to dust.
You feel strangely unstable. The hornet misses you. The hornet stings you!
You die...

#..### ......
#..#.# #..#!#
#..#.# # #..#.# #
#.###..#.##.#
#...........#
#####.##.#.#@####
........#..#y#
###.###.. #.#
#### #.# #.# #.#
#.# #.#


You could see a hornet.

Vanquished Creatures
  A centaur (D:4)
  A gnoll bouda (D:7)
  8 gnolls
  6 adders
  3 worms (D:3)
  2 dart slugs
  2 orcs
  6 ball pythons
  7 endoplasms
  5 giant cockroaches
  8 goblins
  6 hobgoblins
  8 jackals (D:1)
  5 quokkas
  4 bats
  4 frilled lizards
  10 kobolds
  6 rats
92 creatures vanquished.

Vanquished Creatures (others)
  A butterfly (D:7)
  3 fungi (D:1)
  2 plants (D:1)
6 creatures vanquished.

Grand Total: 98 creatures vanquished

Notes
Turn   | Place    | Note
-------+----------+-------------------------------------------
     0 | D:1      | jt the Barachi Wanderer began the quest for the Orb.
     0 | D:1      | jt set off with the following items: a +0 club, a scroll of
                  | silence, a +0 robe, a potion of lignification; and the
                  | following spells available to memorise: Freeze,
                  | Apportation, Blink, Ozocubu's Armour, Teleport Other.
     0 | D:1      | Reached XP level 1. HP: 18/18 MP: 2/2
     2 | D:1      | Learned a level 1 spell: Freeze
    60 | D:1      | Found a faded altar of an unknown god.
    70 | D:1      | Prayed at the altar of an unknown god.
    70 | D:1      | Became a worshipper of the Wu Jian Council
    70 | D:1      | Reached * piety under Wu Jian
   157 | D:1      | Reached skill level 1 in Maces & Flails
   157 | D:1      | Reached XP level 2. HP: 22/24 MP: 4/4
   705 | D:1      | Learned a level 2 spell: Blink
   786 | D:1      | Reached XP level 3. HP: 27/29 MP: 2/6
  1013 | D:1      | Reached ** piety under Wu Jian
  1284 | D:1      | Learned a level 2 spell: Ensorcelled Hibernation
  1603 | D:2      | Reached XP level 4. HP: 32/37 MP: 1/7
  1952 | D:2      | Reached skill level 4 in Fighting
  2020 | D:2      | Reached skill level 1 in Hexes
  2190 | D:3      | Reached XP level 5. HP: 42/42 MP: 6/8
  2512 | D:3      | Noticed Ijyb
  2679 | D:4      | Found a sacrificial altar of Ru.
  2736 | D:4      | Found a staircase to the Ecumenical Temple.
  2746 | Temple   | Entered the Ecumenical Temple
  3024 | D:4      | Reached *** piety under Wu Jian
  3052 | D:4      | Noticed a centaur
  3072 | D:4      | Killed a centaur
  3073 | D:4      | Reached XP level 6. HP: 47/49 MP: 9/9
  3089 | D:4      | You fall into a shaft and drop 3 floors!
  3266 | D:7      | Noticed a hornet
  3270 | D:7      | Paralysed by a hornet for 1 turns
  3275 | D:7      | Slain by a hornet

Illustrated notes

Levels and vault maps discovered:
D:1:      saegor_arrival_simple_c, layout_basic,
          shapermc_ecumenical_altar_acropolis, minmay_pentomino_w2
D:2:      kennysheep_six_static_rooms, layout_rooms
D:3:      layout_basic, nicolae_hepliaklqana_monster_ancestors, uniq_ijyb
D:4:      cheibrodos_barr_body, layout_loops_ring, kennysheep_mini,
          minmay_temple_entry_purple_smoke, pf_guarded_unrand_woodcutter,
          uniq_sigmund
D:7:      layout_loops_ring, nicolae_elyvilon_peaceful_grove,
          nicolae_overflow_hidden_temple, serial_shops, nicolae_square_shop,
          uniq_duvessa
Temple:   corrupted_temple

Skill      XL: |  1  2  3  4  5  6 |
---------------+-------------------+-----
Maces & Flails | 1 2 |  2.9
Spellcasting   | 2 |  2.0
Fighting       | 4 |  4.7
Dodging        | 2 |  2.8
Hexes          | 1 2 |  2.0
Ice Magic      | 3 |  3.7
Translocations | 3 |  3.4
Armour         | |  1.2

Action                   |  1- 3 |  4- 6 || total
-------------------------+-------+-------++-------
Melee: Club              |    83 |     4 ||    87
       Punch             |     1 |     2 ||     3
       Whip              |       |    32 ||    32
       Flail             |       |    58 ||    58
       Dire flail        |       |    66 ||    66
       Short sword       |       |     1 ||     1
Throw: Stone             |     1 |     4 ||     5
       Boomerang         |       |     6 ||     6
 Cast: Freeze            |    43 |    38 ||    81
       Ensorcelled Hiber |       |     5 ||     5
Invok: Lunge             |     2 |    16 ||    18
       Whirlwind         |     1 |       ||     1
  Use: Potion            |     1 |     7 ||     8
       Scroll            |       |     6 ||     6
 Stab: Sleeping          |       |     4 ||     4
Armor: Robe              |    34 |    49 ||    83
       Skin              |     7 |    47 ||    54
Dodge: Dodged            |    81 |   106 ||   187

Table legend: (Time is in decaauts)
 A = Elapsed time spent in this place.
 B = Non-inter-level travel time spent in this place.
 C = Inter-level travel time spent in this place.
 D = Time resting spent in this place.
 E = Time spent auto-exploring this place.
 F = Levels seen in this place.
 G = Mean time per level.
                   A        B        C        D        E       F      G
               +--------+--------+--------+--------+--------+-----+--------+
         Total |   3728 |   3634 |     94 |    523 |   1574 |   6 |  621.3 |
       Dungeon |   3681 |   3600 |     81 |    523 |   1555 |   5 |  736.2 |
        Temple |     47 |     34 |     13 |      0 |     19 |   1 |   47.0 |
               +--------+--------+--------+--------+--------+-----+--------+

Top non-repeatable levels by time:
     D:1: 1538 daAuts
     D:2: 896 daAuts
     D:3: 592 daAuts
     D:4: 450 daAuts
     D:7: 203 daAuts
  Temple: 47 daAuts
